 Dungeon Crawl Stone Soup version 0.22-a0-348-gd16d139 (webtiles) character file.

247294 torrenera the Bludgeoner (level 19, 0/206 HPs)
             Began as an Ogre Fighter on Apr 10, 2018.
             Was a High Priest of Okawaru.
             Slain by a glaive of venom (25 damage)
             ... on level 2 of the Elven Halls.
             The game lasted 02:26:04 (53399 turns).

torrenera the Bludgeoner (Ogre Fighter)            Turns: 53399, Time: 02:26:05

Health: 0/206      AC: 21    Str: 25    XL:     19   Next: 53%
Magic:  0/25       EV: 10    Int: 16    God:    Okawaru [*****.]
Gold:   981        SH: 25    Dex:  4    Spells: 10/18 levels left

rFire    + + +     SeeInvis .   c - +1 eveningstar of Action {flame, rC++}
rCold    + . .     Gourm    .   D - +1 large shield {reflect}
rNeg     . . .     Faith    .   j - +0 fire dragon scales
rPois    .         Spirit   +   k - +2 hat of Umpal {rElec rF+ MR+ Dex-5}
rElec    +         Reflect  +   I - scarf {Spirit}
rCorr    .         Harm     .   (gloves unavailable)
MR       ++...                  (boots unavailable)
Stlth    ..........             l - amulet of Divine Compulsion {Reflect rElec Int+2 SH+2}
HPRegen  1.44/turn              v - +5 ring of slaying
MPRegen  0.19/turn              W - +5 ring of protection

@: lethally poisoned (0 -> 0), about to teleport, heroism, finesse,
regenerating, studying Maces & Flails, drained
A: large, unfitting armour, tough skin 1
}: 2/15 runes: decaying, serpentine
a: Heroism, Finesse, Renounce Religion


You were on level 2 of the Elven Halls.
You worshipped Okawaru.
Okawaru was extremely pleased with you.
You were hungry.

You visited 7 branches of the dungeon, and saw 34 of its levels.
You also visited: Ossuary and Volcano.

You collected 3305 gold pieces.
You spent 2324 gold pieces at shops.

Inventory:

Hand Weapons
 c - the +1 eveningstar of Action (weapon) {flame, rC++}
   (Okawaru gifted it to you on level 3 of the Lair of Beasts)

   It has been specially enchanted to burn those struck by it, causing extra
   injury to most foes and up to half again as much damage against particularly
   susceptible opponents.
   It greatly protects you from cold.
 N - the +3 demon whip "Afa Jeg" {freeze, rF- rN+ Int+7}
   (Okawaru gifted it to you on level 6 of the Lair of Beasts)

   It has been specially enchanted to freeze those struck by it, causing extra
   injury to most foes and up to half again as much damage against particularly
   susceptible opponents.
   It can also slow down cold-blooded creatures.
   It affects your intelligence (+7).
   It makes you vulnerable to fire.
   It protects you from negative energy.
Missiles
 s - 20 javelins
 E - 8 javelins of penetration
 U - 9 large rocks (quivered)
Armour
 j - +0 fire dragon scales (worn)
 k - the +2 hat of Umpal (worn) {rElec rF+ MR+ Dex-5}
   (Okawaru gifted it to you on level 4 of the Lair of Beasts)

   It affects your dexterity (-5).
   It protects you from fire.
   It insulates you from electricity.
   It affects your resistance to hostile enchantments.
 D - a +1 large shield of reflection (worn)
 I - a scarf of spirit shield (worn)
Jewellery
 a - an uncursed ring of protection from magic
 e - an uncursed ring of see invisible
 l - the amulet of Divine Compulsion (around neck) {Reflect rElec Int+2 SH+2}
   (You found it on level 3 of the Swamp)

   [amulet of reflection]

   It shields you and reflects attacks.
   It affects your intelligence (+2).
   It insulates you from electricity.
   It affects your SH (+2).
 v - a +5 ring of slaying (left hand)
 M - an uncursed ring of protection from fire
 Q - an uncursed ring of poison resistance
 W - a +5 ring of protection (right hand)
 X - a +2 ring of evasion {unknown}
Wands
 o - a wand of clouds (2)
 p - a wand of disintegration (21)
 y - a wand of acid (17)
 A - a wand of digging (35)
 O - a wand of paralysis (13)
 V - a wand of iceblast (6)
Scrolls
 b - a scroll of vulnerability
 g - 12 scrolls of magic mapping
 m - 12 scrolls of remove curse
 n - 3 scrolls of summoning
 q - 5 scrolls of immolation
 x - 2 scrolls of blinking
 B - a scroll of torment
 H - 2 scrolls of fear
 J - 3 scrolls of teleportation
 S - a scroll of enchant weapon
 T - 2 scrolls of fog
 Z - 5 scrolls of identify
Potions
 d - 4 potions of might
 h - a potion of lignification
 i - 2 potions of heal wounds
 r - 3 potions of flight
 t - 7 potions of agility
 w - 5 potions of brilliance
 z - 4 potions of berserk rage
 F - a potion of magic
 G - 3 potions of haste
 K - 3 potions of mutation
 L - 14 potions of curing
 P - a potion of invisibility
 R - 4 potions of resistance
 Y - 3 potions of cancellation
Books
 C - a manual of Maces & Flails
Comestibles
 f - 55 rations
 u - a chunk of flesh


   Skills:
 + Level 16.9(20.9) Fighting
 - Level 17.0(21.0) Maces & Flails
 + Level 12.2(16.3) Armour
 + Level 10.0(14.1) Dodging
 - Level 15.0(19.0) Shields
 - Level 7.1(6.4) Charms
 - Level 5.0(4.3) Necromancy
 - Level 8.0(7.2) Invocations


You had 10 spell levels left.
You knew the following spells:

 Your Spells              Type           Power        Failure   Level  Hunger
a - Animate Skeleton      Necr           N/A          9%          1    ##.....
b - Apportation           Tloc           #.....       45%         1    ##.....
c - Passwall              Tmut/Erth      #.........   58%         2    ###....
d - Infusion              Chrm           ###.         3%          1    ##.....
e - Regeneration          Chrm/Necr      ###.......   17%         3    ####...


Dungeon Overview and Level Annotations

Branches:
Dungeon (15/15)            Temple (1/1) D:5            Lair (6/6) D:10
  Swamp (4/4) Lair:4        Snake (4/4) Lair:4        Slime (0/5) Lair:6
    Orc (2/2) D:12            Elf (2/3) Orc:2        Vaults (0/5) D:13
 Depths (0/5) D:15

Altars:
Ashenzari
Cheibriados
Dithmenos
Elyvilon
Fedhas
Gozag
Hepliaklqana
Kikubaaqudgha
Makhleb
Nemelex Xobeh
Okawaru
Qazlal
Ru
Sif Muna
Trog
Uskayaw
Vehumet
Wu Jian
Xom
Yredelemnul
Zin
The Shining One
Beogh
Jiyva

Shops:
D:4 (   D:7 }   D:11 *   Orc:1 [:%   Orc:2 =!}%   Elf:1 [   Elf:2 }

Annotations:
D:8 Grinder, Maurice
D:12 2 runed doors
Swamp:3 Mara


Innate Abilities, Weirdness & Mutations

You are too large for most types of armour.
You have tough skin. (AC +1)


Message History

a mace of protection x2; a dire flail of protection; a mace of crushing
Casting: Regeneration (safe; 24% risk of failure)
Confirm with . or Enter, or press ? or * to list all spells.
Your skin crawls.
You are feeling hungry.
You feel sick. You block the glaive of venom's attack.
You block the morningstar of crushing's attack.
You gain the combat prowess of a mighty hero.
You feel sick. You block the glaive of venom's attack.
You block the morningstar of crushing's attack.
You can now deal lightning-fast blows.
You feel sick. You block the glaive of venom's attack.
The morningstar of crushing hits you!!
* * * LOW HITPOINT WARNING * * *
x2
As you read the scroll of teleportation, it crumbles to dust.
You feel strangely unstable.
You feel sick.
You block the morningstar of crushing's attack.
The bardiche of freezing barely misses you.
The glaive of venom hits you from afar!!
You die...

# ##...#.... ####### ###
##........ .))..∩# #.#
##......... #####.###.#
#.......... # #..##.#
######### #..........
##.##.###..'.#..#
#..........
#..#.##..⌠###..###')........
##...#.).8###(..'.'#........
#...'..())@((.[)(##........
##..#...8###...).'#........
##.##..⌠###..###'.........
#.###..).#..# #..........
#.# ######### #..........
#.# #.......... #.#
##......... ### ##........
##...#....


You could see 3 dancing weapons.

Vanquished Creatures
  Saint Roka (Orc:2)
  Jorgrun (Swamp:4)
  Agnes (D:14)
  Kirke (Lair:6)
  A thorn hunter (Swamp:4)
  10 nagarajas
  Roxanne (D:14)
  Aizul (Swamp:2)
  A deep elf sorcerer (Elf:1)
  Louise (Swamp:3)
  2 entropy weavers (Lair:5)
  2 dire elephants (Lair:6)
  Nessos (Lair:5)
  Josephine (Orc:1)
  20 hydras
  7 naga warriors
  A catoblepas (Lair:6)
  2 ghost crabs (Swamp:3)
  10 anacondas
  2 centaur warriors (D:15)
  11 two-headed ogres
  21 dancing weapons
  A queen ant (Lair:5)
  12 alligators
  3 death yaks (Lair:6)
  4 orc high priests
  An ogre mage (D:15)
  Urug (Lair:3)
  15 deep elf knights
  8 naga sharpshooters
  4 shock serpents
  6 spriggans
  5 unseen horrors
  7 sea snakes (Snake:4)
  3 skeletal warriors (D:15)
  12 swamp dragons
  2 naga ritualists
  2 deep elf archers
  5 shambling mangroves
  A spriggan druid (Swamp:4)
  5 orc knights
  3 lindwurms (Lair:6)
  7 mana vipers
  5 orc sorcerers
  5 ugly things
  3 manticores
  40 deep elf magi
  8 salamanders
  2 elephants (Lair:6)
  27 black mambas
  A centaur zombie (D:10)
  12 naga magi
  9 guardian serpents
  2 gargoyles
  22 spiny frogs
  6 centaur skeletons
  4 rime drakes
  9 komodo dragons
  3 tengu conjurers (D:15)
  A red devil (Swamp:3)
  3 polar bears
  6 trolls
  17 slime creatures
  7 hornets
  11 bog bodies
  13 blink frogs
  10 tyrant leeches
  A hippogriff (shapeshifter) (Elf:1)
  8 hippogriffs
  3 dream sheep
  3 redbacks (D:15)
  2 shadows
  A vampire (D:15)
  2 tarantellas (D:15)
  An air elemental (Elf:2)
  A hog (shapeshifter) (D:15)
  3 wyverns
  4 water elementals
  6 fire elementals (Elf:1)
  6 wraiths
  A basilisk (Lair:6)
  64 yaks
  26 vampire mosquitoes
  2 fire bats (Volcano)
  6 hogs
  A hungry ghost (D:13)
  Edmund (D:6)
  5 insubstantial wisps (Swamp:4)
  2 wargs (Orc:2)
  2 acid dragons
  20 swamp worms
  4 hell hounds
  35 nagas
  19 soldier ants
  11 porcupines
  18 water moccasins
  24 orc warriors
  2 sky beasts
  14 swamp drakes
  4 ice beasts
  2 black bears
  2 eyes of draining
  27 wolves
  A necrophage (D:10)
  10 centaurs
  7 ogres
  4 boggarts (D:12)
  15 crocodiles
  2 wyvern zombies (D:14)
  11 bullfrogs
  A gnoll sergeant (D:9)
  3 big kobolds
  2 earth elementals (Elf:1)
  2 scorpions
  5 killer bees (D:13)
  2 electric eels
  A howler monkey (D:5)
  7 wights (D:12)
  4 jellies
  A crimson imp (D:15)
  2 bullfrog zombies
  3 quasits
  5 hounds
  13 orc priests
  Crazy Yiuf (D:4)
  21 orc wizards
  A bullfrog skeleton (D:13)
  Jessica (D:2)
  Ijyb (D:3)
  Terence (D:3)
  2 iguanas
  27 worker ants
  3 hound zombies
  A mummy (Ossuary)
  A worker ant zombie (D:11)
  Robin (D:4)
  11 gnolls
  A howler monkey skeleton (D:9)
  9 adders
  A shadow imp (D:13)
  2 oozes (D:1)
  An adder skeleton (D:7)
  2 worms
  4 dart slugs
  4 leopard geckos
  77 orcs
  A bat (shapeshifter) (D:3)
  9 bats
  6 giant cockroaches
  25 goblins
  17 hobgoblins
  8 jackals
  27 kobolds
  9 quokkas
  3 ball pythons
  3 frilled lizards
  A frilled lizard (shapeshifter) (D:6)
  A jackal zombie (D:5)
  A leopard gecko skeleton (D:5)
  An orc zombie (Ossuary)
  10 rats
  A plant (Lair:4)
1162 creatures vanquished.

Vanquished Creatures (collateral kills)
  Azrael (Elf:1)
  A hydra (Swamp:4)
  A swamp dragon (Swamp:4)
  A hornet (Swamp:4)
  A fire elemental (Elf:1)
  2 hell hounds (Elf:1)
7 creatures vanquished.

Vanquished Creatures (others)
  A two-headed ogre (Volcano)
  2 naga sharpshooters
  A deep elf archer (Elf:2)
  3 deep elf magi
  A cyclops (D:15)
  An ice devil (Swamp:3)
  A centaur (D:15)
  A rat (D:3)
  A bush (D:5)
  17 fungi
  14 plants
43 creatures vanquished.

Grand Total: 1212 creatures vanquished

Notes
Turn   | Place    | Note
-------+----------+-------------------------------------------
     0 | D:1      | torrenera the Ogre Fighter began the quest for the Orb.
     0 | D:1      | Reached XP level 1. HP: 24/24 MP: 1/1
   160 | D:1      | Reached skill level 2 in Maces & Flails
   170 | D:1      | Reached XP level 2. HP: 31/33 MP: 2/2
   355 | D:1      | Reached XP level 3. HP: 28/40 MP: 3/3
   770 | D:1      | Reached skill level 3 in Maces & Flails
  1131 | D:2      | Reached XP level 4. HP: 17/49 MP: 4/4
  1432 | D:2      | Noticed Jessica
  1447 | D:2      | Killed Jessica
  1447 | D:2      | Reached skill level 5 in Fighting
  2070 | D:2      | Found a shimmering altar of Xom.
  2582 | D:2      | Reached skill level 4 in Maces & Flails
  2582 | D:2      | Reached XP level 5. HP: 31/57 MP: 5/5
  2961 | D:3      | Found a sparkling altar of Nemelex Xobeh.
  3567 | D:3      | Noticed Ijyb
  3569 | D:3      | Reached XP level 6. HP: 61/66 MP: 6/6
  3583 | D:3      | Killed Ijyb
  3583 | D:3      | Reached skill level 5 in Maces & Flails
  3860 | D:3      | Noticed Terence
  3902 | D:3      | Killed Terence
  4534 | D:4      | Found Leorgh's Weapon Emporium.
  4570 | D:4      | Noticed Robin
  4598 | D:4      | Killed Robin
  5084 | D:4      | Reached XP level 7. HP: 58/75 MP: 7/7
  5222 | D:4      | Found a runed door.
  5357 | D:4      | Reached skill level 6 in Maces & Flails
  6083 | D:4      | Noticed Crazy Yiuf
  6096 | D:4      | Killed Crazy Yiuf
  6206 | D:5      | Entered Level 5 of the Dungeon
  6223 | D:5      | Found a sand-covered staircase.
  6224 | D:5      | Found a stormy altar of Qazlal.
  6242 | Ossuary  | Entered an ossuary
  6558 | D:5      | Found a staircase to the Ecumenical Temple.
  6564 | Temple   | Entered the Ecumenical Temple
  6664 | Temple   | Became a worshipper of Warmaster Okawaru
  7340 | D:5      | Found a blossoming altar of Fedhas.
  7392 | D:5      | Reached skill level 7 in Maces & Flails
  7448 | D:5      | Reached XP level 8. HP: 54/84 MP: 8/8
  8695 | D:6      | Noticed Edmund
  8722 | D:6      | Killed Edmund
  8722 | D:6      | Reached * piety under Okawaru
  8722 | D:6      | Reached skill level 8 in Maces & Flails
  8921 | D:7      | Found a shadowy altar of Dithmenos.
  9844 | D:7      | Found Ysyotzig's Gadget Boutique.
  9854 | D:7      | Bought a wand of paralysis (11) for 182 gold pieces
 10303 | D:8      | Noticed Grinder
 10304 | D:8      | Noticed Maurice
 10362 | D:9      | Reached skill level 9 in Maces & Flails
 10366 | D:9      | Reached XP level 9. HP: 95/96 MP: 9/9
 10615 | D:9      | Found a hide-covered altar of Uskayaw.
 10616 | D:9      | Found a white marble altar of Elyvilon.
 10636 | D:9      | Found a flagged portal.
 10708 | D:9      | Reached ** piety under Okawaru
 11086 | D:10     | Entered Level 10 of the Dungeon
 11114 | D:10     | Reached skill level 10 in Maces & Flails
 11417 | D:10     | Noticed a two-headed ogre
 11419 | D:10     | Noticed a troll
 11456 | D:9      | Killed a two-headed ogre
 11456 | D:9      | Reached skill level 11 in Maces & Flails
 11456 | D:9      | Reached XP level 10. HP: 74/107 MP: 7/10
 11710 | D:10     | Found a staircase to the Lair.
 11719 | D:10     | Reached *** piety under Okawaru
 12158 | D:10     | Reached skill level 12 in Maces & Flails
 12433 | D:10     | Reached skill level 10 in Fighting
 12778 | D:10     | Reached **** piety under Okawaru
 13624 | Lair:1   | Entered Level 1 of the Lair of Beasts
 13695 | Lair:1   | Noticed a black mamba
 13712 | Lair:1   | Killed a black mamba
 13712 | Lair:1   | Reached skill level 1 in Invocations
 13826 | Lair:1   | Found a dark tunnel.
 13832 | Volcano  | Entered a volcano
 13851 | Volcano  | Noticed a two-headed ogre
 13873 | Volcano  | Killed a two-headed ogre
 13886 | Volcano  | HP: 3/109 [two-headed ogre/great mace of flaming (13)]
 13886 | Volcano  | HP: 1/109 [two-headed ogre/great mace of flaming (2)]
 13890 | Volcano  | Killed a two-headed ogre
 13890 | Volcano  | Reached XP level 11. HP: 27/118 MP: 10/12
 13905 | Volcano  | Noticed a salamander
 13918 | Volcano  | Killed a salamander
 13918 | Volcano  | Reached ***** piety under Okawaru
 14572 | Lair:1   | Reached skill level 5 in Dodging
 14991 | Lair:1   | Reached skill level 1 in Armour
 15013 | Lair:1   | Reached skill level 5 in Shields
 15037 | Lair:1   | Received a gift from Okawaru
 16571 | Lair:2   | Reached skill level 5 in Invocations
 16591 | Lair:2   | Noticed a six-headed hydra
 16666 | Lair:1   | Received a gift from Okawaru
 16670 | Lair:1   | Reached XP level 12. HP: 90/126 MP: 11/15
 16677 | Lair:1   | Got a sheer robe {god gift}
 17011 | D:11     | Reached skill level 5 in Armour
 17364 | D:11     | Reached skill level 13 in Maces & Flails
 17387 | D:11     | You fall through a shaft!
 17636 | D:11     | Found Giuvu's General Store.
 17794 | D:11     | Bought a scroll of identify for 30 gold pieces
 17794 | D:11     | Bought a potion of might for 60 gold pieces
 18845 | D:12     | Noticed an ice dragon
 18846 | D:12     | Noticed a fire dragon
 18848 | D:12     | Noticed a fire dragon
 18848 | D:12     | Noticed an ice dragon
 18849 | D:12     | Found the +2 shield of Resistance {rF+ rC+ MR+}
 18849 | D:12     | Found a runed door.
 18862 | D:12     | Found a runed door.
 19010 | D:12     | Found a staircase to the Orcish Mines.
 19082 | D:12     | Received a gift from Okawaru
 19984 | D:13     | Reached XP level 13. HP: 110/133 MP: 14/17
 20045 | D:13     | Reached skill level 14 in Maces & Flails
 20059 | D:13     | Found a gate to the Vaults.
 21621 | Lair:3   | Noticed Urug
 21632 | Lair:3   | Killed Urug
 21745 | Lair:3   | Received a gift from Okawaru
 21754 | Lair:3   | Got an encrusted eveningstar {god gift}
 21773 | Lair:3   | Identified the +1 eveningstar of Action {flame, rC++} (Okawaru gifted it to you on level 3 of the Lair of Beasts)
 22683 | Lair:4   | Reached skill level 15 in Maces & Flails
 23303 | Lair:4   | Received a gift from Okawaru
 23567 | Lair:4   | Found a staircase to the Snake Pit.
 24134 | Lair:4   | Found a staircase to the Swamp.
 24358 | Lair:5   | Reached XP level 14. HP: 136/143 MP: 17/19
 24495 | Lair:5   | Noticed Nessos
 24517 | Lair:5   | Killed Nessos
 25319 | Lair:5   | Noticed an entropy weaver
 25370 | Lair:5   | Killed an entropy weaver
 25451 | Lair:5   | Noticed an entropy weaver
 25467 | Lair:5   | Killed an entropy weaver
 25567 | Lair:5   | Learned a level 1 spell: Animate Skeleton
 25569 | Lair:5   | Learned a level 1 spell: Apportation
 25572 | Lair:5   | Learned a level 2 spell: Passwall
 25945 | Lair:6   | Entered Level 6 of the Lair of Beasts
 26006 | Lair:6   | Reached skill level 16 in Maces & Flails
 26521 | Lair:6   | Received a gift from Okawaru
 26524 | Lair:6   | Got an ancient demon whip {god gift}
 26525 | Lair:6   | Identified the +3 demon whip "Afa Jeg" {freeze, rF- rN+ Int+7} (Okawaru gifted it to you on level 6 of the Lair of Beasts)
 26905 | Lair:6   | Noticed Kirke
 27235 | Lair:6   | Found a viscous altar of Jiyva.
 27235 | Lair:6   | Found a staircase to the Slime Pits.
 27387 | Lair:6   | Killed Kirke
 27569 | Lair:6   | Noticed a dire elephant
 27581 | Lair:6   | Killed a dire elephant
 28045 | Lair:6   | Noticed a dire elephant
 28062 | Lair:6   | Killed a dire elephant
 28062 | Lair:6   | Reached ****** piety under Okawaru
 28062 | Lair:6   | Reached XP level 15. HP: 82/149 MP: 10/21
 28108 | Lair:6   | Reached skill level 10 in Armour
 28608 | Lair:2   | Paralysed by fainting for 9 turns
 28727 | Swamp:1  | Entered Level 1 of the Swamp
 29084 | Lair:4   | Received a gift from Okawaru
 29103 | Lair:4   | Got a pitted hat {god gift}
 29114 | Lair:4   | Identified the +2 hat of Umpal {rElec rF+ MR+ Dex-5} (Okawaru gifted it to you on level 4 of the Lair of Beasts)
 31757 | Swamp:2  | Noticed Aizul
 31783 | Swamp:2  | Killed Aizul
 32656 | Swamp:3  | Found a transporter.
 32941 | Swamp:4  | Entered Level 4 of the Swamp
 33090 | Swamp:3  | Noticed Louise
 33120 | Swamp:3  | Killed Louise
 33120 | Swamp:3  | Received a gift from Okawaru
 33417 | Swamp:3  | Noticed Mara
 33418 | Swamp:3  | Noticed torrenera's illusion
 34143 | Snake:1  | Entered Level 1 of the Snake Pit
 34491 | Snake:1  | Reached XP level 16. HP: 72/167 MP: 11/22
 35821 | Snake:2  | Noticed a nagaraja
 35846 | Snake:2  | Killed a nagaraja
 36100 | Orc:1    | Entered Level 1 of the Orcish Mines
 36131 | Orc:1    | Found Kulatter's Antique Armour Shoppe.
 36133 | Orc:1    | Found Lottuy's Book Emporium.
 36137 | Orc:1    | Bought a manual of Maces & Flails for 1104 gold pieces
 36257 | Orc:1    | Found Tuthat's Food Boutique.
 36260 | Orc:1    | Bought a ration for 55 gold pieces
 36260 | Orc:1    | Bought a ration for 55 gold pieces
 36260 | Orc:1    | Bought a ration for 55 gold pieces
 36260 | Orc:1    | Bought a ration for 55 gold pieces
 36260 | Orc:1    | Bought a ration for 55 gold pieces
 36260 | Orc:1    | Bought a ration for 55 gold pieces
 36319 | Orc:2    | Entered Level 2 of the Orcish Mines
 36400 | Orc:2    | Noticed Josephine
 36486 | Orc:2    | Noticed Saint Roka
 37013 | Orc:1    | Killed Josephine
 37110 | Orc:2    | Killed Saint Roka
 37110 | Orc:2    | Received a gift from Okawaru
 37799 | Orc:2    | Found Najinn's Food Shoppe.
 38557 | Orc:2    | Found a staircase to the Elven Halls.
 38973 | Orc:2    | Found Ollin's Jewellery Shoppe.
 39234 | Orc:2    | Found Qaofit Muisk's Distillery.
 39239 | Orc:2    | Found Ylapen's Gadget Shop.
 39339 | Orc:1    | Found a roughly hewn altar of Beogh.
 39755 | Orc:2    | Bought a +5 amulet of reflection for 618 gold pieces
 40385 | Swamp:3  | Found a transporter.
 40477 | Swamp:3  | Got a brightly glowing golden amulet
 40489 | Swamp:3  | Got a bound zirconium amulet
 40498 | Swamp:3  | Identified the amulet of Divine Compulsion {Reflect rElec Int+2 SH+2} (You found it on level 3 of the Swamp)
 40500 | Swamp:3  | Identified the amulet of the Special Runes {RegenMP rN++} (You found it on level 3 of the Swamp)
 40621 | Swamp:4  | Noticed a thorn hunter
 40771 | Swamp:3  | Noticed torrenera's illusion
 41794 | Swamp:4  | Reached skill level 10 in Shields
 42540 | Swamp:4  | Reached XP level 17. HP: 162/182 MP: 19/23
 42601 | Swamp:4  | Reached skill level 15 in Fighting
 43109 | Swamp:4  | Got a decaying rune of Zot
 43243 | Swamp:4  | Noticed Jorgrun
 43259 | Swamp:4  | Killed Jorgrun
 43259 | Swamp:4  | Reached skill level 17 in Maces & Flails
 43631 | Lair:2   | Learned a level 1 spell: Infusion
 43635 | Lair:2   | Learned a level 3 spell: Regeneration
 44001 | Snake:2  | Reached skill level 1 in Charms
 45501 | Snake:3  | Found a basalt altar of Yredelemnul.
 45679 | Snake:4  | Entered Level 4 of the Snake Pit
 45773 | Snake:4  | Received a gift from Okawaru
 46453 | Snake:4  | Reached XP level 18. HP: 171/193 MP: 20/24
 47678 | Snake:4  | Got a serpentine rune of Zot
 48105 | D:14     | Noticed Roxanne
 48129 | D:14     | Killed Roxanne
 48129 | D:14     | Received a gift from Okawaru
 48645 | D:14     | Found a burning altar of Makhleb.
 48665 | D:14     | Found an iron altar of Okawaru.
 49119 | D:15     | Entered Level 15 of the Dungeon
 49119 | D:15     | Noticed Agnes
 49140 | D:14     | Killed Agnes
 49140 | D:14     | Reached skill level 15 in Shields
 49178 | D:15     | Received a gift from Okawaru
 49601 | D:15     | Reached skill level 5 in Charms
 49915 | D:15     | Found a staircase to the Depths.
 49944 | D:15     | Received a gift from Okawaru
 50559 | Elf:1    | Entered Level 1 of the Elven Halls
 50757 | Elf:1    | Reached skill level 1 in Necromancy
 50871 | Elf:1    | Found Ahuchoet's Armour Shoppe.
 51054 | Elf:1    | Noticed Azrael
 51066 | Elf:1    | Reached XP level 19. HP: 169/201 MP: 23/25
 51068 | Elf:1    | Killed Azrael
 51285 | Elf:1    | Reached skill level 5 in Necromancy
 52392 | Elf:2    | Found Meotarosi's Gadget Boutique.
 52779 | Elf:2    | Found a runed gate.
 52779 | Elf:2    | Found a runed gate.
 52779 | Elf:2    | Found a runed gate.
 52870 | Elf:2    | Received a gift from Okawaru
 53272 | Elf:2    | Reached skill level 10 in Dodging
 53399 | Elf:2    | Slain by a glaive of venom

Vault maps used:
D:1:      onia_arrival_handbag
D:2:      cheibrodos_old_hovel, tgw_xom, first_ration, serial_curves,
          eino_curves_04, eino_curves_04, uniq_jessica
D:3:      nemelex_xobeh_ov_fountains_minmay, lemuel_flame_loot_1, uniq_ijyb,
          uniq_terence
D:4:      serial_shops, nicolae_shop_trees, solitary_fountain,
          uniq_crazy_yiuf_cottage, uniq_robin
D:5:      fedhas_bush_and_centaur_altar, temple_statues, enter_ossuary_1,
          grunt_qazlal_sundering, uniq_grinder
D:6:      corexii_shantytown, uniq_edmund
D:7:      lemuel_round_altar, serial_shops,
          nicolae_shop_competitors_out_of_business
D:8:      grunt_livestock, minmay_radiant, uniq_maurice, uniq_grum
D:9:      gammafunk_temple_overflow_statue, enter_bailey_3
D:10:     minmay_lair_entry_grove
D:11:     serial_shops, shop_fountains
D:12:     orc_0_dummy, minmay_guarded_unrand_resistance
D:13:     erik_vaults_1
D:14:     lemuel_crystal_altar, basic_altar, uniq_roxanne
D:15:     grunt_enter_depths_magical_seal, roderic_roman_lattice, uniq_agnes
Temple:   regret_index_temple_sphere_string
Lair:1:   lightli_volcano_entry_magma_tube, serial_bayou_shore_b
Lair:2:   infiniplex_staircase_pool_2
Lair:3:   uniq_urug
Lair:4:   nicolae_swamp_entry_splash_gauntlet, guppyfry_snake_entry_garden,
          hangedman_lair_generics_rect
Lair:5:   serial_bayou_pond_c, zaba_antful_of_joy, lemuel_fruit_tree,
          uniq_nessos
Lair:6:   hangedman_lair_in_review, dpeg_slime_entry_enclosed_altar,
          serial_bayou_lagoon_a, uniq_kirke
Swamp:1:  evilmike_swamp_ruin_house_5, swamp_pool5
Swamp:2:  serial_swamp_ruin, evilmike_swamp_ruin_house_1,
          evilmike_swamp_ruin_rubble_1, evilmike_swamp_ruin_house_4, uniq_aizul
Swamp:3:  gammafunk_its_a_trap, evilmike_swamp_ruin_house_2, swamp_pool1,
          uniq_mara, uniq_louise
Swamp:4:  swamp_basic_johnstein, swamp_pool1, hangedman_swamp_diagram,
          uniq_jorgrun
Snake:2:  minmay_snake_river
Snake:3:  basic_altar
Snake:4:  grunt_snake_rune_pools, spider_trap, grunt_ministairs_7,
          nicolae_snake_shapes
Orc:1:    serial_shops, nicolae_shop_behind_doors, nicolae_shop_trees, shop,
          mines1_david
Orc:2:    st_orc_elflike, uniq_josephine, uniq_saint_roka
Elf:1:    elf_arrival_001, serial_shops, shop_statue, minivault_28, uniq_azrael
Elf:2:    serial_shops, shop, grunt_ministairs_2
Ossuary:  ossuary_minmay_tomb_2a
Volcano:  volcano_village

Skill      XL: |  1  2  3  4  5  6  7  8  9 10 11 12 13 14 15 16 17 18 19 |
---------------+----------------------------------------------------------+-----
Maces & Flails | 2 3 4 5 7 9 11 12 13 15 16 17 | 17.0
Fighting       | 5 6 7 9 10 12 14 15 16 | 16.9
Dodging        | 4 5 6 8 9 10 | 10.0
Shields        | 4 5 6 9 10 13 15 | 15.0
Invocations    | 2 5 6 7 8 |  8.0
Armour         | 4 7 8 9 11 12 | 12.2
Charms         | 2 7 |  7.1
Necromancy     | 4 5 |  5.0

Action                   |  1- 3 |  4- 6 |  7- 9 | 10-12 | 13-15 | 16-18 | 19-21 || total
-------------------------+-------+-------+-------+-------+-------+-------+-------++-------
Melee: Flail             |   137 |    97 |    12 |       |       |       |       ||   246
       Club              |       |   187 |   265 |       |       |       |       ||   452
       Whip              |       |       |   108 |   591 |       |       |       ||   699
       Great mace        |       |       |       |   154 |   166 |       |       ||   320
       Eveningstar       |       |       |       |       |  1042 |   683 |   207 ||  1932
       Demon whip        |       |       |       |       |    35 |   985 |   134 ||  1154
Throw: Javelin           |       |       |     9 |    28 |     1 |       |       ||    38
       Large rock        |       |       |       |       |    14 |    17 |       ||    31
 Cast: Animate Skeleton  |       |       |       |       |       |     7 |       ||     7
       Regeneration      |       |       |       |       |       |     7 |     4 ||    11
Invok: Heroism           |       |       |     1 |     7 |    19 |    30 |     7 ||    64
       Finesse           |       |       |       |     2 |    11 |    11 |     2 ||    26
Evoke: Wand              |       |     1 |     4 |    11 |     7 |     9 |       ||    32
  Use: Scroll            |       |       |    13 |    10 |    13 |    10 |     1 ||    47
       Potion            |       |       |     1 |     3 |     3 |     7 |       ||    14
 Stab: Sleeping          |     2 |       |       |       |       |       |       ||     2
       Paralysed         |       |     2 |       |     1 |       |       |       ||     3
       Petrified         |       |     6 |       |       |       |       |       ||     6
  Eat: Chunk             |     1 |    13 |    13 |    24 |    40 |    42 |     8 ||   141
       Ration            |       |       |     2 |     1 |     2 |     4 |       ||     9
Armor: Robe              |    79 |    59 |    74 |    40 |       |       |       ||   252
       Skin              |       |       |       |     6 |       |       |       ||     6
       Fire dragon scale |       |       |       |   204 |   414 |   195 |    61 ||   874
       Swamp dragon scal |       |       |       |       |    43 |   140 |       ||   183
Dodge: Dodged            |    55 |    99 |   100 |   191 |   336 |   317 |    46 ||  1144
Block: Shield            |    77 |   119 |   163 |   195 |   425 |   135 |       ||  1114
       Large shield      |       |       |       |       |       |  1034 |   230 ||  1264
       Reflection        |       |       |       |       |       |    83 |    17 ||   100

Table legend:
 A = Spawn XP
 B = Non-spawn XP
 C = Spawn XP percentage of total XP
 D = Spawn monster count
 E = Non-spawn monster count
 F = Spawn count percentage of total count
 G = Total turns spent on level
                    A         B        C        D         E        F      G
               +---------+---------+-------+---------+---------+-------+---------
         Total |       0 |  360735 |   0.0 |       0 |    1175 |   0.0 | 53399
               +---------+---------+-------+---------+---------+-------+---------
           D:1 |       0 |      70 |   0.0 |       0 |      32 |   0.0 |  1452
           D:2 |       0 |     163 |   0.0 |       0 |      29 |   0.0 |  1509
           D:3 |       0 |     226 |   0.0 |       0 |      27 |   0.0 |  1369
           D:4 |       0 |     346 |   0.0 |       0 |      32 |   0.0 |  2062
           D:5 |       0 |     436 |   0.0 |       0 |      17 |   0.0 |  1320
           D:6 |       0 |     415 |   0.0 |       0 |      36 |   0.0 |  1347
           D:7 |       0 |     449 |   0.0 |       0 |       9 |   0.0 |  1062
           D:9 |       0 |    2161 |   0.0 |       0 |      28 |   0.0 |  1604
          D:10 |       0 |    4595 |   0.0 |       0 |      32 |   0.0 |  1890
          D:11 |       0 |    7444 |   0.0 |       0 |      42 |   0.0 |  1308
          D:12 |       0 |    4042 |   0.0 |       0 |      38 |   0.0 |  1378
          D:13 |       0 |    6286 |   0.0 |       0 |      31 |   0.0 |  1329
          D:14 |       0 |   11110 |   0.0 |       0 |      43 |   0.0 |  1139
          D:15 |       0 |   19917 |   0.0 |       0 |      43 |   0.0 |  1295
        Lair:1 |       0 |    7464 |   0.0 |       0 |      36 |   0.0 |  2103
        Lair:2 |       0 |    3859 |   0.0 |       0 |      21 |   0.0 |  1821
        Lair:3 |       0 |    5439 |   0.0 |       0 |      23 |   0.0 |  1432
        Lair:4 |       0 |   11865 |   0.0 |       0 |      47 |   0.0 |  2342
        Lair:5 |       0 |   11336 |   0.0 |       0 |      53 |   0.0 |  1936
        Lair:6 |       0 |   24581 |   0.0 |       0 |      62 |   0.0 |  2339
       Swamp:1 |       0 |   14247 |   0.0 |       0 |      38 |   0.0 |  2163
       Swamp:2 |       0 |    5773 |   0.0 |       0 |      13 |   0.0 |  2030
       Swamp:3 |       0 |   15053 |   0.0 |       0 |      34 |   0.0 |  1833
       Swamp:4 |       0 |   37831 |   0.0 |       0 |      70 |   0.0 |  2093
       Snake:1 |       0 |   14296 |   0.0 |       0 |      31 |   0.0 |  1589
       Snake:2 |       0 |   18506 |   0.0 |       0 |      39 |   0.0 |  1541
       Snake:3 |       0 |    3753 |   0.0 |       0 |       4 |   0.0 |   534
       Snake:4 |       0 |   47963 |   0.0 |       0 |      76 |   0.0 |  2097
         Orc:1 |       0 |    4827 |   0.0 |       0 |      25 |   0.0 |  1407
         Orc:2 |       0 |   14651 |   0.0 |       0 |      53 |   0.0 |  2358
         Elf:1 |       0 |   29117 |   0.0 |       0 |      55 |   0.0 |  1645
         Elf:2 |       0 |   30116 |   0.0 |       0 |      44 |   0.0 |  1195
       Ossuary |       0 |      60 |   0.0 |       0 |       4 |   0.0 |    48
       Volcano |       0 |    2338 |   0.0 |       0 |       8 |   0.0 |   691
               +---------+---------+-------+---------+---------+-------+---------
